 Dungeon Crawl Stone Soup version 0.30.0-29-ga12c61a403 (webtiles) character file.

Game seed: 12860801996185562073

151 qw the Chopper (level 5, -4/32 HPs)
             Began as a Gargoyle Fighter on June 2, 2023.
             Slain by an orc wizard
             ... wielding a +0 long sword
              (5 damage)
             ... on level 3 of the Dungeon.
             The game lasted 00:01:16 (2252 turns).

qw the Chopper (Gargoyle Fighter)                   Turns: 2252, Time: 00:01:17

Health: -4/32      AC: 15    Str: 22    XL:     5   Next: 33%
Magic:  5/5        EV: 10    Int:  8    God:
Gold:   197        SH:  4    Dex:  9    Spells: 4/4 levels left

rFire   . . .        Y - +0 war axe
rCold   . . .        c - +0 buckler
rNeg    + . .        k - quicksilver dragon scales
rPois   inf          (no helmet)
rElec   +            (no cloak)
rCorr   .            (no gloves)
SInv    .            g - +0 pair of boots
Will    +....        (no amulet) Stlth
                     (no ring)
HPRegen 0.25/turn    (no ring)
MPRegen 0.09/turn

%: no passive effects
@: no status effects
A: sickness immunity, AC +4, negative energy resistance 1, electricity
resistance, torment resistance 1, petrification resistance
a: no special abilities


You were on level 3 of the Dungeon.
You visited 1 branch of the dungeon, and saw 3 of its levels.

You collected 197 gold pieces.


Innate Abilities, Weirdness & Mutations

You are immune to sickness and miasma.
Your stone body is resilient. (AC +4)
You are immune to poison.
You resist negative energy. (rN+)
You are resistant to electric shocks. (rElec)
You are resistant to unholy torment.
You are immune to petrification.


   Skills:
 - Level 3.2 Fighting
 + Level 4.9 Axes
 - Level 3.2 Armour
 - Level 3.2 Shields


You had 4 spell levels left.
You didn't know any spells.
Your spell library was empty.

Inventory:

Hand Weapons
 i - a +0 flail
 Y - a +0 war axe (weapon)
Missiles
 a - 2 boomerangs (quivered)
Armour
 b - a +3 plate armour
 c - a +0 buckler (worn)
 e - a +2 cloak
 g - a +0 pair of boots (worn)
 k - quicksilver dragon scales (worn)
Scrolls
 m - a scroll of identify
Potions
 d - a potion of might
 j - a potion of brilliance {unknown}
 l - a potion of curing {unknown}

Dungeon Overview and Level Annotations

Branches:
Dungeon (3/15)

Altars:


Message History

The magic dart hits you but does no damage.
The orc hits you but does no damage.
You hit the orc but do no damage.
The orc is heavily wounded.
You miss something. Something hits you but does no damage.
You block the orc's attack.
You hit the orc but do no damage.
The orc is heavily wounded.
You closely miss something. The orc hits you but does no damage.
Something hits you. The orc hits you but does no damage. Something hits you.
You hit the orc.
You kill the orc!
You miss something. Something hits you but does no damage.
You miss something. Something hits you but does no damage.
You barely miss something.
Something hits you but does no damage. x2
You miss something. Something hits you but does no damage.
You barely miss something. Something hits you but does no damage.
You closely miss something.
You hear some strange, mumbled words.
A magic dart appears from out of thin air!
The magic dart hits you!
You miss something.
You hear some strange, mumbled words.
A puff of flame appears from out of thin air!
You block the puff of flame.
You barely miss something. Something hits you. x2
You miss something. Something hits you but does no damage.
You miss something. Something hits you but does no damage.
You closely miss something. Something hits you. x2
You die...

#####.###....#
............#
#####.##.#.## #o
...##.#.##..#### #.o
##.##..## #..#.## #...
#.##.#.###.....# ....?
#>......#...#.## #o#..#
####.##.....#..###....#
#####.#####.....@#....#
......# #..###){....#
.##### ##.# ######.# .#
#.# .### #.# ...#
#######.######
#..###............#
.).....#####.####.#
...##### #.# #.#


There were no monsters in sight!

Vanquished Creatures
  2 orc wizards (D:3)
  2 adders
  A worm (D:2)
  4 dart slugs
  10 orcs (D:3)
  4 endoplasms
  3 giant cockroaches
  2 goblins (D:1)
  5 hobgoblins
  4 jackals (D:2)
  3 quokkas
  5 ball pythons
  7 bats
  A frilled lizard (D:1)
  4 kobolds (D:1)
  4 rats
61 creatures vanquished.

Notes
Turn   | Place    | Note
-------+----------+-------------------------------------------
     0 | D:1      | qw the Gargoyle Fighter began the quest for the Orb.
     0 | D:1      | Reached XP level 1. HP: 14/14 MP: 1/1
     0 | D:1      | 0 ||| qw: Version: 0.2-a-102-gdf20003
     0 | D:1      | 0 ||| qw: Game counter: 910
     0 | D:1      | 0 ||| qw: Always use a shield: true
     0 | D:1      | 0 ||| qw: God list: Okawaru
     0 | D:1      | 0 ||| qw: Allow faded altars: false
     0 | D:1      | 0 ||| qw: Do Orc after D:15 true
     0 | D:1      | 0 ||| qw: Do second Lair branch before Depths: true
     0 | D:1      | 0 ||| qw: Lair rune preference: random
     0 | D:1      | 0 ||| qw: Plans: Normal, Zot:1-4, Slime:5, God:TSO, Crypt,
                  | Tomb, Pan, Hells, Abyss, Win
     0 | D:1      | 0 ||| PLANNING D:1-11
     2 | D:1      | 2 ||| Stepping ~*~*~tactically~*~*~ (hiding).
     4 | D:1      | 4 ||| Stepping ~*~*~tactically~*~*~ (hiding).
    14 | D:1      | Reached skill level 2 in Axes
    58 | D:1      | HP: 3/14 [quokka (1)]
   296 | D:1      | Reached XP level 2. HP: 19/19 MP: 2/2
   296 | D:1      | 296 ||| Stepping ~*~*~tactically~*~*~ (stealth).
   341 | D:1      | 341 ||| Stepping ~*~*~tactically~*~*~ (stealth).
   518 | D:1      | Reached skill level 3 in Axes
   534 | D:1      | 534 ||| DROPPING +0 club.
   550 | D:1      | Reached XP level 3. HP: 19/23 MP: 3/3
   831 | D:1      | 831 ||| Stepping ~*~*~tactically~*~*~ (stealth).
   856 | D:1      | 856 ||| UPGRADING to +0 pair of boots.
   861 | D:1      | 861 ||| READING scroll labelled NUFE WO JOOTAO.
   862 | D:1      | 862 ||| READING scroll labelled VODA INKEWKYN.
   863 | D:1      | 863 ||| READING scroll labelled VEAWKO RIUSCH.
   864 | D:1      | 864 ||| READING 2 scrolls labelled SEOL XURALI.
   865 | D:1      | 865 ||| DRINKING 2 fizzy orange potions.
   866 | D:1      | 866 ||| DROPPING potion of degeneration.
  1161 | D:2      | 1161 ||| Stepping ~*~*~tactically~*~*~ (stealth).
  1164 | D:2      | 1164 ||| Stepping ~*~*~tactically~*~*~ (stealth).
  1264 | D:2      | 1264 ||| Stepping ~*~*~tactically~*~*~ (stealth).
  1287 | D:2      | Reached XP level 4. HP: 25/28 MP: 4/4
  1387 | D:2      | 1387 ||| DROPPING +0 whip.
  1710 | D:2      | 1710 ||| UPGRADING to quicksilver dragon scales.
  1720 | D:2      | 1720 ||| DROPPING +0 scale mail.
  1721 | D:2      | 1721 ||| READING scroll labelled BYCONIDECO.
  1722 | D:2      | 1722 ||| READING scroll labelled HIETSU LAASI.
  1723 | D:2      | 1723 ||| READING 3 scrolls of identify.
  1723 | D:2      | 1723 ||| IDENTIFYING glowing purple potion
  1724 | D:2      | 1724 ||| READING 2 scrolls of identify.
  1724 | D:2      | 1724 ||| IDENTIFYING ruby potion
  1725 | D:2      | 1725 ||| DROPPING potion of berserk rage.
  1726 | D:2      | 1726 ||| DROPPING potion of invisibility.
  1760 | D:3      | Reached skill level 4 in Axes
  1914 | D:3      | 1914 ||| Stepping ~*~*~tactically~*~*~ (stealth).
  2066 | D:3      | 2066 ||| Stepping ~*~*~tactically~*~*~ (stealth).
  2068 | D:3      | 2068 ||| Stepping ~*~*~tactically~*~*~ (stealth).
  2094 | D:3      | Reached XP level 5. HP: 32/32 MP: 5/5
  2218 | D:3      | 2218 ||| Stepping ~*~*~tactically~*~*~ (stealth).
  2220 | D:3      | 2220 ||| Stepping ~*~*~tactically~*~*~ (hiding).
  2247 | D:3      | HP: 7/32 [something/magic dart (7)]
  2249 | D:3      | HP: 1/32 [something (4)]
  2252 | D:3      | Slain by an orc wizard

Levels and vault maps discovered:
D:1:      mrwooster_arrival_statue, layout_basic, serial_curves, eino_curves_01,
          eino_curves_03
D:2:      layout_loops_ring, serial_bayou_crossing
D:3:      layout_loops_ring, nicolae_overflow_hallway_of_the_gods,
          minmay_fractal_squares_gapless_5

Skill      XL: |  1  2  3  4 |
---------------+-------------+-----
Axes           | 2 3 4 |  4.9
Fighting       | |  3.2
Armour         | |  3.2
Shields        | |  3.2

Action                     |  1- 3 |  4- 6 || total
---------------------------+-------+-------++-------
  Melee: War axe           |   115 |    96 ||   211
  Throw: Boomerang         |       |     9 ||     9
    Use: Scroll            |     4 |     4 ||     8
         Potion            |     1 |       ||     1
 Armour: Scale mail        |    71 |    20 ||    91
         Quicksilver drago |       |    42 ||    42
  Dodge: Dodged            |    60 |    34 ||    94
  Block: Buckler           |    17 |    17 ||    34

Table legend:
 A = Non-vault XP
 B = Vault XP
 C = Vault XP percentage of total XP
 D = Non-vault monster count
 E = Vault monster count
 F = Vault count percentage of total count
                 A         B        C        D         E       F
            +---------+---------+-------+---------+---------+-------
      Total |     217 |       0 |   0.0 |      61 |       0 |   0.0
            +---------+---------+-------+---------+---------+-------
        D:1 |      36 |       0 |   0.0 |      20 |       0 |   0.0
        D:2 |      62 |       0 |   0.0 |      23 |       0 |   0.0
        D:3 |     119 |       0 |   0.0 |      18 |       0 |   0.0
            +---------+---------+-------+---------+---------+-------
